 Dungeon Crawl Stone Soup version 0.25-a0-578-gc91f01c39c (webtiles) character file.

Game seed: 7714892297896452119, levelgen mode: deterministic

2802 kae the Covert (level 9, -11/57 HPs)
             Began as a Vampire Enchanter on Mar 3, 2020.
             Mangled by a centaur
             ... wielding a +0 glaive
              (17 damage)
             ... on level 7 of the Dungeon.
             The game lasted 00:08:50 (6721 turns).

kae the Covert (Vampire Enchanter)                  Turns: 6721, Time: 00:08:51

Health: -11/57     AC:  5    Str: 10    XL:     9   Next: 44%
Magic:  7/17       EV: 12    Int: 18    God:
Gold:   437        SH:  0    Dex: 14    Spells: 7/19 levels left

rFire    . . .     SeeInvis +   o - +5 dagger (speed)
rCold    . . .     Gourm    .   (no shield)
rNeg     . . .     Faith    .   b - +0 robe
rPois    .         Spirit   .   (no helmet)
rElec    .         Reflect  .   k - +2 cloak
rCorr    .         Harm     .   (no gloves)
MR       .....                  (no boots)
Stlth    ++++......             (no amulet)
HPRegen  0.39/turn              (no ring)
MPRegen  0.15/turn              (no ring)

@: regenerating quickly
A: no food, fangs 3, see invisible, unbreathing
a: Exsanguinate


You were on level 7 of the Dungeon.
You were alive.

You visited 2 branches of the dungeon, and saw 8 of its levels.

You collected 437 gold pieces.

Inventory:

Hand Weapons
 a - a +1 dagger
 o - a +5 dagger of speed (weapon)
 u - a +1 dagger of flaming
Armour
 b - a +0 robe (worn)
 k - a +2 cloak (worn)
Jewellery
 d - an uncursed ring of stealth {unknown}
 h - an uncursed amulet of harm
 v - an uncursed ring of magical power {unknown}
Wands
 t - a wand of random effects (21)
Scrolls
 e - 2 scrolls of blinking
 f - 4 scrolls of remove curse
 g - a scroll of magic mapping {unknown}
 j - 2 scrolls of fog
 m - 3 scrolls of teleportation
 q - a scroll of amnesia
 s - 2 scrolls of enchant armour
Potions
 c - 2 potions of stabbing
 l - a potion of heal wounds
 n - a potion of ambrosia
 p - a potion of cancellation {unknown}
 r - 2 potions of curing {unknown}


   Skills:
 * Level 9.1 Short Blades
 - Level 2.1 Dodging
 + Level 10.0 Stealth
 + Level 5.6 Spellcasting
 + Level 9.4 Hexes


You had 7 spell levels left.
You knew the following spells:

 Your Spells              Type           Power        Failure   Level  Hunger
a - Corona                Hex            #####..      1%          1    N/A
b - Ensorcelled Hibernat  Hex/Ice        ###...       2%          2    N/A
c - Confusing Touch       Hex            #####...     1%          3    N/A
d - Tukima's Dance        Hex            #####...     1%          3    N/A
e - Dazzling Flash        Conj/Hex       ###...       5%          3    N/A

Your spell library contained the following spells:

 Spells                   Type           Power        Failure   Level  Hunger
 Sandblast                Erth           #.....       13%         1    N/A
 Passwall                 Tmut/Erth      #.......     19%         2    N/A
 Stone Arrow              Conj/Erth      #.....       36%         3    N/A
 Petrify                  Tmut/Erth      #.......     77%         4    N/A
 Lee's Rapid Deconstruct  Erth           #.........   98%         5    N/A

Dungeon Overview and Level Annotations

Branches:
Dungeon (7/15)             Temple (1/1) D:5

Altars:
Ashenzari
Hepliaklqana
Makhleb
Okawaru
Qazlal
Ru
Sif Muna
Trog
Uskayaw
Vehumet
Wu Jian
Xom
Yredelemnul
Zin
The Shining One

Annotations:
D:6 1 runed translucent door, Flugslaktarn's ghost, novice MiFi


Innate Abilities, Weirdness & Mutations

You do not eat.
Your natural rate of healing is unusually fast.
You have razor-sharp teeth.
You have supernaturally acute eyesight. (SInv)
You can survive without breathing.


Message History

Aiming: Ensorcelled Hibernation (safe; 2% risk of failure)
Press: ? - help, Shift-Dir - straight line, f/p - centaur
Aim: a centaur, wielding a +0 glaive and quivering 21 arrows (chance to defeat MR: 51%)
The centaur resists with some effort.
The centaur closely misses you. The hornet zombie barely misses you.
Casting: Ensorcelled Hibernation (safe; 2% risk of failure)
Confirm with . or Enter, or press ? or * to list all spells.
Aiming: Ensorcelled Hibernation (safe; 2% risk of failure)
Press: ? - help, Shift-Dir - straight line, f/p - centaur
Aim: a centaur, wielding a +0 glaive and quivering 21 arrows (chance to defeat MR: 51%)
The centaur resists with some effort.
The centaur hits you with a +0 glaive!
* * * LOW HITPOINT WARNING * * *
The hornet zombie barely misses you.
Casting: Ensorcelled Hibernation (safe; 2% risk of failure)
Confirm with . or Enter, or press ? or * to list all spells.
Aiming: Ensorcelled Hibernation (safe; 2% risk of failure)
Press: ? - help, Shift-Dir - straight line, f/p - centaur
Aim: a centaur, wielding a +0 glaive and quivering 21 arrows (chance to defeat MR: 51%)
The centaur resists with some effort.
The centaur hits you with a +0 glaive!
You die...

........................'...
###.###.......######.####.[.
#§...☼#.#.###.######..#
#.....#)#.# #.##...##c#
..._....#.# #.##...##.#
#.....###.# #..+...##.#
#....○#...# ####...##.#
###.###...# #.# ##†####
#))<....# ####@###....!+
#......## #...cZ..(.####
#......# #.........#
#......# #..........#
###......####........#.#
...........##...........#
......##...##............#
......##...##...........%.#
......##...#########...(⌠.⌠


You could see a centaur and a hornet zombie.

Vanquished Creatures
  Prince Ribbit (D:5)
  3 fire bats (D:4)
  2 eyes of draining (D:3)
  An ice beast (D:6)
  A centaur (D:7)
  4 ogres
  A bullfrog (D:6)
  A scorpion (D:4)
  A water moccasin skeleton (D:6)
  9 killer bees
  3 howler monkeys
  A jelly (D:6)
  Crazy Yiuf (D:2)
  An orc priest (D:7)
  11 orc wizards
  Natasha (thrice) (D:2)
  3 worker ants
  A killer bee zombie (D:6)
  A hound zombie (D:5)
  9 adders
  2 shadow imps (D:7)
  An ooze (D:1)
  2 adder skeletons
  4 worms
  A dart slug (D:1)
  4 leopard geckos
  33 orcs
  3 ball pythons (D:1)
  2 giant cockroaches
  7 goblins
  11 hobgoblins
  10 jackals
  3 quokkas
  8 bats
  7 frilled lizards
  A jackal skeleton (D:3)
  6 kobolds
  4 rats
167 creatures vanquished.

Notes
Turn   | Place    | Note
-------+----------+-------------------------------------------
     0 | D:1      | kae the Vampire Enchanter began the quest for the Orb.
     0 | D:1      | Reached XP level 1. HP: 13/13 MP: 3/3
   112 | D:1      | Reached XP level 2. HP: 18/19 MP: 5/5
   126 | D:1      | Learned a level 2 spell: Ensorcelled Hibernation
   646 | D:2      | Reached XP level 3. HP: 24/24 MP: 6/6
   719 | D:2      | Reached skill level 5 in Stealth
   973 | D:2      | Reached skill level 5 in Hexes
  1102 | D:2      | Reached XP level 4. HP: 30/30 MP: 7/7
  1246 | D:2      | Found a sacrificial altar of Ru.
  1427 | D:2      | Noticed Natasha
  1432 | D:2      | Killed Natasha
  1464 | D:2      | Found a runed translucent door.
  1465 | D:2      | Noticed Crazy Yiuf
  1575 | D:2      | Killed Crazy Yiuf
  1677 | D:2      | Noticed Natasha
  1679 | D:2      | Killed Natasha
  1679 | D:2      | Reached XP level 5. HP: 35/35 MP: 9/9
  1764 | D:2      | Found a sacrificial altar of Ru.
  1861 | D:2      | Noticed Natasha
  1865 | D:2      | Killed Natasha
  2157 | D:3      | Noticed an eye of draining
  2158 | D:3      | Found a bloodstained altar of Trog.
  2158 | D:3      | Noticed an eye of draining
  2223 | D:3      | Killed an eye of draining
  2223 | D:3      | Reached skill level 6 in Stealth
  2223 | D:3      | Reached XP level 6. HP: 41/41 MP: 0/10
  2976 | D:3      | Found an iron altar of Okawaru.
  3155 | D:4      | Reached skill level 5 in Short Blades
  3174 | D:4      | Reached XP level 7. HP: 41/46 MP: 0/12
  3441 | D:4      | Reached skill level 7 in Stealth
  3598 | D:4      | Found a burning altar of Makhleb.
  3600 | D:4      | Found a hazy altar of Hepliaklqana.
  3600 | D:4      | Found a shattered altar of Ashenzari.
  3602 | D:4      | Found a shimmering altar of Xom.
  3602 | D:4      | Found a bloodstained altar of Trog.
  3602 | D:4      | Found a shimmering blue altar of Sif Muna.
  3801 | D:4      | Found a shimmering blue altar of Sif Muna.
  3855 | D:4      | Found a transporter.
  3910 | D:4      | Found a transporter.
  3914 | D:4      | Noticed a fire bat
  3914 | D:4      | Noticed a fire bat
  3915 | D:4      | Noticed a fire bat
  4000 | D:5      | Entered Level 5 of the Dungeon
  4151 | D:5      | Noticed Prince Ribbit
  4155 | D:5      | Killed Prince Ribbit
  4270 | D:5      | Found a staircase to the Ecumenical Temple.
  4307 | Temple   | Entered the Ecumenical Temple
  4408 | D:5      | Reached XP level 8. HP: 52/52 MP: 14/14
  4549 | D:5      | Reached skill level 8 in Stealth
  5574 | D:6      | Found a runed translucent door.
  5574 | D:6      | Noticed Flugslaktarn's ghost (novice MiFi)
  5637 | D:6      | Reached skill level 9 in Stealth
  5637 | D:6      | Reached skill level 5 in Spellcasting
  5825 | D:6      | Reached XP level 9. HP: 42/57 MP: 16/16
  5830 | D:6      | Learned a level 3 spell: Confusing Touch
  5834 | D:6      | Learned a level 3 spell: Tukima's Dance
  5838 | D:6      | Learned a level 3 spell: Dazzling Flash
  6418 | D:7      | Found a radiant altar of Vehumet.
  6426 | D:7      | Found a stormy altar of Qazlal.
  6479 | D:7      | Reached skill level 10 in Stealth
  6721 | D:7      | Mangled by a centaur

Levels and vault maps discovered:
D:1:      lemuel_arrival_hallway, layout_basic
D:2:      layout_basic, old_standard_altar, uniq_crazy_yiuf_cottage,
          uniq_natasha
D:3:      layout_loops_ring, trog_eyes_of_draining, lemuel_crystal_altar,
          serial_glass, glass_columns_a, glass_columns_a, glass_columns_a,
          glass_columns_a, grunt_ministairs_12, minmay_fountain_box
D:4:      gammafunk_cloud_chamber, layout_loops_ring, doesnt_xom_only_xom,
          lemuel_blue_sif_altar
D:5:      layout_cave_pods, minmay_temple_entry_stoned_glass, first_ration,
          uniq_prince_ribbit1
D:6:      layout_cave_pools, hellmonk_ghost_happy_afterlife
D:7:      layout_basic, nicolae_overflow_hidden_temple,
          nemelex_xobeh_ov_fountains_minmay, basic_altar, grunt_qazlal_clouds
Temple:   jpeg_temple_island

Skill      XL: |  1  2  3  4  5  6  7  8  9 |
---------------+----------------------------+-----
Short Blades   | 2 3 4 5 6 8 9 |  9.1
Stealth        | 5 6 7 9 10 | 10.0
Hexes          | 5 6 7 8 9 |  9.4
Spellcasting   | 3 4 5 |  5.6
Dodging        | |  2.1

Action                   |  1- 3 |  4- 6 |  7- 9 || total
-------------------------+-------+-------+-------++-------
Melee: Dagger            |   111 |   274 |   235 ||   620
       Bite              |     5 |    26 |    18 ||    49
 Cast: Corona            |     8 |     1 |       ||     9
       Ensorcelled Hiber |     8 |    18 |    79 ||   105
       Confusing Touch   |       |       |     1 ||     1
  Use: Scroll            |       |     7 |    10 ||    17
       Potion            |       |       |     5 ||     5
 Stab: Sleeping          |    10 |    12 |    59 ||    81
       Distracted        |       |     1 |       ||     1
       Confused          |       |       |     1 ||     1
Armor: Robe              |    19 |    30 |    44 ||    93
Dodge: Dodged            |    74 |    98 |   146 ||   318

Table legend:
 A = Non-vault XP
 B = Vault XP
 C = Vault XP percentage of total XP
 D = Non-vault monster count
 E = Vault monster count
 F = Vault count percentage of total count
                 A         B        C        D         E       F
            +---------+---------+-------+---------+---------+-------
      Total |    2798 |    1206 |  30.1 |     155 |      12 |   7.2
            +---------+---------+-------+---------+---------+-------
        D:1 |      38 |       0 |   0.0 |      21 |       0 |   0.0
        D:2 |     148 |      75 |  33.6 |      22 |       2 |   8.3
        D:3 |      73 |     264 |  78.3 |      30 |       6 |  16.7
        D:4 |     480 |     612 |  56.0 |      16 |       3 |  15.8
        D:5 |     374 |     255 |  40.5 |      24 |       1 |   4.0
        D:6 |    1023 |       0 |   0.0 |      25 |       0 |   0.0
        D:7 |     662 |       0 |   0.0 |      17 |       0 |   0.0
            +---------+---------+-------+---------+---------+-------
